 Dungeon Crawl Stone Soup version 0.31-a0-152-g6aa68a64a1 (webtiles) character file.

Game seed: 6067420396472418637

100 qw the Chopper (level 4, 0/28 HPs)
             Began as a Gargoyle Fighter on June 10, 2023.
             Constricted to death by a ball python (1 damage)
             ... on level 3 of the Dungeon.
             The game lasted 00:00:53 (1706 turns).

qw the Chopper (Gargoyle Fighter)                   Turns: 1706, Time: 00:00:54

Health: 0/28       AC: 10    Str: 24    XL:     4   Next: 73%
Magic:  4/4        EV:  6    Int:  6    God:
Gold:   65         SH:  4    Dex:  9    Spells: 3/3 levels left

rFire   + . .        Y - +1 war axe (freeze)
rCold   . . .        c - +0 buckler
rNeg    + . .        b - +0 scale mail
rPois   inf          (no helmet)
rElec   +            (no cloak)
rCorr   .            (no gloves)
SInv    .            (no boots)
Will    .....        a - amulet of Rizxini {Acrobat rF+ Str+2 Int-2} Stlth
                     (no ring)
HPRegen 0.24/turn    (no ring)
MPRegen 0.09/turn

%: acrobat
@: constricted
A: sickness immunity, AC +3, negative energy resistance 1, electricity
resistance, torment resistance 1, petrification resistance
a: no special abilities


You were on level 3 of the Dungeon.
You visited 1 branch of the dungeon, and saw 3 of its levels.

You collected 65 gold pieces.


Innate Abilities, Weirdness & Mutations

You are immune to sickness and miasma.
Your stone body is resilient. (AC +3)
You are immune to poison.
You resist negative energy. (rN+)
You are resistant to electric shocks. (rElec)
You are resistant to unholy torment.
You are immune to petrification.


   Skills:
 - Level 3.2 Fighting
 + Level 4.3 Axes
 - Level 3.2 Armour
 - Level 3.2 Shields


You had 3 spell levels left.
You didn't know any spells.
Your spell library was empty.

Inventory:

Hand Weapons
 e - a +0 whip of venom
 Y - a +1 war axe of freezing (weapon)
Armour
 b - a +0 scale mail (worn)
 c - a +0 buckler (worn)
Jewellery
 a - the amulet of Rizxini (around neck) {Acrobat rF+ Str+2 Int-2}
   (You found it on level 2 of the Dungeon)

   [amulet of the acrobat]

   It increases your evasion while moving and waiting.
   Str:       It affects your strength (+2).
   Int:       It affects your intelligence (-2).
   rF:        It protects you from fire.
Scrolls
 g - 2 scrolls of identify
Potions
 d - a potion of might
 f - a potion of curing
 j - a potion of attraction

Dungeon Overview and Level Annotations

Branches:
Dungeon (3/15)

Altars:

Annotations:
D:2 1 runed translucent door, Crazy Yiuf
D:3 Sigmund


Message History

You slash the gnoll! You freeze the gnoll. You slash the rat!
You freeze the rat.
You kill the rat!
You hit the hobgoblin. You freeze the hobgoblin.
You kill the hobgoblin!
The gnoll hits you with a +0 whip. Something hits you.
You closely miss the gnoll.
The gnoll is severely wounded.
You closely miss the gnoll. The gnoll barely misses you.
You barely miss the gnoll.
The gnoll is severely wounded.
You hit the gnoll. You freeze the gnoll. You hit the gnoll.
You freeze the gnoll. The gnoll hits you with a +0 flail.
The gnoll hits you but does no damage. The gnoll barely misses you.
Something hits you but does no damage. The gnoll barely misses you.
You block the rat's attack.
The gnoll hits you but does no damage. x2
You slash the gnoll! You freeze the gnoll.
You kill the gnoll!
You hit the gnoll. You freeze the gnoll. You hit the gnoll.
You freeze the gnoll. You hit the rat. You freeze the rat.
You kill the rat!
Something hits you. The gnoll hits you but does no damage.
The gnoll hits you with a +2 flail of protection.
The ball python bites you but does no damage.
The ball python grabs you. The ball python constricts you.
You feel your strength returning.
You closely miss the ball python. You hit the gnoll but do no damage. x2
The ball python bites you but does no damage.
The ball python constricts you. The gnoll hits you with a +0 flail.
The gnoll barely misses you. Something hits you.
You closely miss the ball python. You closely miss the gnoll.
You hit the gnoll but do no damage.
The ball python bites you but does no damage.
The ball python constricts you. The gnoll hits you with a +0 flail.
The gnoll hits you but does no damage. Something hits you but does no damage.
The ball python bites you but does no damage.
The ball python constricts you.
You die...

...........
#..........
#.........
....>..#
...... #...#
###.gg###
#..<@S{.#
#$?..%....>.
#...........
###...#.####
#...#.#
##.#. .
#.#.. #
#.#..#


You could see 2 gnolls and a ball python.

Vanquished Creatures
  2 gnolls (D:3)
  2 adders (D:2)
  A worm (D:2)
  A dart slug (D:1)
  7 ball pythons
  4 endoplasms (D:2)
  4 giant cockroaches
  6 goblins
  5 hobgoblins
  A quokka (D:2)
  5 bats
  A frilled lizard (D:1)
  6 kobolds
  11 rats
56 creatures vanquished.

Notes
Turn   | Place    | Note
-------+----------+-------------------------------------------
     0 | D:1      | qw the Gargoyle Fighter began the quest for the Orb.
     0 | D:1      | Reached XP level 1. HP: 14/14 MP: 1/1
     0 | D:1      | 0 ||| qw: Version: 0.2-a-29-g767f381
     0 | D:1      | 0 ||| qw: Game counter: 3895
     0 | D:1      | 0 ||| qw: Always use a shield: true
     0 | D:1      | 0 ||| qw: God list: Okawaru
     0 | D:1      | 0 ||| qw: Allow faded altars: false
     0 | D:1      | 0 ||| qw: Do Orc after D:15 true
     0 | D:1      | 0 ||| qw: Do second Lair branch before Depths: true
     0 | D:1      | 0 ||| qw: Lair rune preference: random
     0 | D:1      | 0 ||| qw: Plans: Normal, Zot:1-4, Slime:5, God:TSO, Crypt,
                  | Tomb, Abyss, Pan, Hells, Win
     0 | D:1      | 0 ||| PLANNING D:1-11
    64 | D:1      | 64 ||| Stepping ~*~*~tactically~*~*~ (hiding).
    68 | D:1      | Reached skill level 2 in Axes
   246 | D:1      | Reached XP level 2. HP: 19/19 MP: 2/2
   551 | D:1      | 551 ||| Stepping ~*~*~tactically~*~*~ (hiding).
   558 | D:1      | 558 ||| Stepping ~*~*~tactically~*~*~ (stealth).
   594 | D:1      | Reached skill level 3 in Axes
   671 | D:1      | Reached XP level 3. HP: 23/23 MP: 3/3
   769 | D:1      | Found a faded altar of an unknown god.
   962 | D:1      | 962 ||| READING scroll labelled LOOMEOTODO.
   963 | D:1      | 963 ||| READING scroll labelled ZIFIAFANIST.
   964 | D:1      | 964 ||| READING scroll labelled TIJASE YB XEI.
   965 | D:1      | 965 ||| READING scroll labelled HOJ QAUHYUDOOH.
   966 | D:1      | 966 ||| READING scroll labelled ADIDITASTRUGROU.
   967 | D:1      | 967 ||| READING scroll labelled USURY YRAUCZUY.
   968 | D:1      | 968 ||| DRINKING 2 murky yellow potions.
   969 | D:1      | 969 ||| DRINKING 2 fuming white potions.
   970 | D:1      | 970 ||| DROPPING potion of degeneration.
   989 | D:2      | Identified the amulet of Rizxini {Acrobat rF+ Str+2 Int-2}
  1119 | D:2      | Reached XP level 4. HP: 28/28 MP: 4/4
  1279 | D:2      | Reached skill level 4 in Axes
  1307 | D:2      | 1307 ||| Stepping ~*~*~tactically~*~*~ (hiding).
  1521 | D:2      | Found a runed translucent door.
  1522 | D:2      | Noticed Crazy Yiuf
  1666 | D:2      | 1666 ||| UPGRADING to amulet of Rizxini {Acrobat rF+ Str+2
                  | Int-2}.
  1671 | D:2      | 1671 ||| READING scroll labelled CUCEVV ENOVU.
  1672 | D:2      | 1672 ||| READING 3 scrolls of identify.
  1672 | D:2      | 1672 ||| IDENTIFYING murky golden potion
  1695 | D:3      | Noticed Sigmund
  1705 | D:3      | HP: 7/28 [something (5)]
  1706 | D:3      | HP: 1/28 [gnoll/+0 flail (6)]
  1706 | D:3      | Constricted to death by a ball python

Levels and vault maps discovered:
D:1:      beargit_arrival_greenhouse, layout_basic,
          hellmonk_ecumenical_altar_lost_god
D:2:      layout_rooms, uniq_crazy_yiuf_cottage
D:3:      layout_loops_ring, serial_forest, infiniplex_forest_corner_1,
          infiniplex_forest_3_way, infiniplex_forest_straight_1,
          infiniplex_forest_join, infiniplex_forest_lined_3,
          infiniplex_forest_pool, serial_shops, shop, uniq_sigmund

Skill      XL: |  1  2  3  4 |
---------------+-------------+-----
Axes           | 2 3 4 |  4.3
Fighting       | |  3.2
Armour         | |  3.2
Shields        | |  3.2

Action                     |  1- 3 |  4- 6 || total
---------------------------+-------+-------++-------
  Melee: War axe           |    76 |    47 ||   123
    Use: Scroll            |     6 |     2 ||     8
         Potion            |     2 |       ||     2
 Armour: Scale mail        |    32 |    39 ||    71
  Dodge: Dodged            |    22 |    21 ||    43
  Block: Buckler           |    12 |     8 ||    20

Table legend:
 A = Non-vault XP
 B = Vault XP
 C = Vault XP percentage of total XP
 D = Non-vault monster count
 E = Vault monster count
 F = Vault count percentage of total count
                 A         B        C        D         E       F
            +---------+---------+-------+---------+---------+-------
      Total |     143 |       0 |   0.0 |      56 |       0 |   0.0
            +---------+---------+-------+---------+---------+-------
        D:1 |      40 |       0 |   0.0 |      24 |       0 |   0.0
        D:2 |      65 |       0 |   0.0 |      24 |       0 |   0.0
        D:3 |      38 |       0 |   0.0 |       8 |       0 |   0.0
            +---------+---------+-------+---------+---------+-------
